Lightning vs Flyers

Created - November 11 2011 at 18:22

Goals
1 2 3 T
Lightning 0 0 2 2
Flyers 5 0 1 6
Shots
1 2 3 T
Lightning 7 5 10 22
Flyers 19 11 17 47

Period #1

1. Flyers , Justin Williams 11 (Chris Pronger, Brendan Morrison) at 0:36
2. Flyers , Justin Williams 12 (Kyle Brodziak, Chris Pronger) at 1:45
3. Flyers , Andrej Sekera 3 (Andrei Markov) at 3:27 (PP)
4. Flyers , Radim Vrbata 7 (Raffi Torres, Tim Connolly) at 5:22
5. Flyers , Tim Connolly 3 (Radim Vrbata, Andrej Sekera) at 8:29 (PP)

Penalties :
Andy Sutton (TBL) for Hooking (Minor) at 1:46, Andrej Meszaros (TBL) for Interference (Minor) at 7:56, Andrej Sekera (PHI) for Goalie Interference (Minor) at 12:38, Rostislav Klesla (PHI) for Interference (Minor) at 13:50, Brent Seabrook (TBL) for Hooking (Minor) at 15:02, Ilya Kovalchuk (TBL) for Hooking (Minor) at 17:34, Andrej Meszaros (TBL) for Spearing (Major / Game Misconduct) at 18:06, Andrej Sekera (PHI) for Boarding (Minor) at 19:10

Period #2

No Goal

Penalties :
Raffi Torres (PHI) for High sticking (Minor) at 6:34, Tim Gleason (TBL) for Tripping (Minor) at 8:30, Ladislav Smid (PHI) for Slashing (Minor) at 14:57

Period #3

6. Lightning , Paul Stastny 4 (Patrick Kane, Ilya Kovalchuk) at 8:27 (PP)
7. Lightning , Patrick Kane 6 (Brent Seabrook, Tomas Plekanec) at 12:05
8. Flyers , Raffi Torres 2 (Radim Vrbata, Andrej Sekera) at 13:10

Penalties :
Andy Sutton (TBL) for Interference (Minor) at 1:55, Brent Seabrook (TBL) for Interference (Minor) at 2:28, Andy Sutton (TBL) for High sticking (Minor) at 5:22, Pascal Dupuis (PHI) for Interference (Minor) at 6:50, Brent Seabrook (TBL) for Slashing (Minor) at 13:57, Scott Hartnell (TBL) for High sticking (Minor) at 17:47

Goalie Stats

Chris Mason (TBL), 37 saves from 39 shots - (0.949), 54:38 minutes
Cory Schneider (TBL), 4 saves from 8 shots - (0.500), L, 5-2-1, 5:22 minutes
Tomas Vokoun (PHI), 20 saves from 22 shots - (0.909), W, 8-7-1, 60:00 minutes

Players Stats

Lightning
Player Name              G  A  P  +/- PIM S  H  SB FO    MP 
------------------------------------------------------------
Andrej Meszaros          0  0  0  -1  17  0  0  0  0/0   7  
Andy Sutton              0  0  0  -1  6   0  2  1  0/0   21 
Barret Jackman           0  0  0  -1  0   0  0  3  0/0   20 
Brent Seabrook           0  1  1  -1  6   0  4  3  0/0   23 
Ilya Kovalchuk           0  1  1  -1  2   3  0  0  3/3   16 
John Erskine             0  0  0   0  0   0  0  0  0/0   4  
Marcel Goc               0  0  0   0  0   1  0  1  9/16  12 
Martin Havlat            0  0  0  -1  0   3  1  0  0/0   15 
Maxime Talbot            0  0  0  -1  0   1  2  0  0/1   14 
Nick Spaling             0  0  0  -1  0   0  1  0  0/0   9  
Niklas Kronwall          0  0  0  -1  0   2  1  3  0/0   23 
Patrick Kane             1  1  2  -1  0   3  0  0  1/2   16 
Patrick Sharp            0  0  0  -1  0   1  1  0  2/4   18 
Paul Stastny             1  0  1  -1  0   3  1  1  7/19  14 
R.J. Umberger            0  0  0  -1  0   1  1  1  18/29 21 
Scott Hartnell           0  0  0   0  2   0  2  2  1/6   15 
Tim Gleason              0  0  0  -1  2   1  1  4  0/0   18 
Tomas Plekanec           0  1  1  -1  0   3  0  0  8/15  12 
Flyers
Player Name              G  A  P  +/- PIM S  H  SB FO    MP 
------------------------------------------------------------
Andrei Markov            0  1  1   1  0   1  2  1  0/0   20 
Andrej Sekera            1  2  3   1  4   3  0  0  0/0   20 
Brandon McMillan         0  0  0   1  0   0  0  0  0/0   7  
Brendan Morrison         0  1  1   1  0   2  0  0  11/21 20 
Chris Pronger            0  2  2   2  0   4  0  1  0/0   24 
John Madden              0  0  0   0  0   2  0  1  8/19  15 
Justin Williams          2  0  2   2  0   2  3  0  3/8   24 
Kevin Bieksa             0  0  0   1  0   5  1  1  0/0   20 
Kyle Brodziak            0  1  1   1  0   1  0  0  4/10  5  
Ladislav Smid            0  0  0   1  2   0  0  0  0/0   7  
Lee Stempniak            0  0  0   0  0   1  0  0  0/0   13 
Niklas Hagman            0  0  0   0  0   1  0  0  0/1   13 
Pascal Dupuis            0  0  0   1  2   4  7  0  1/2   18 
Radim Vrbata             1  2  3   1  0   10 1  0  1/3   20 
Raffi Torres             1  1  2   1  2   6  3  0  1/2   17 
Randy Jones              0  0  0   0  0   1  1  0  0/0   12 
Rostislav Klesla         0  0  0   0  2   0  0  0  0/0   15 
Tim Connolly             1  1  2   1  0   4  0  0  17/29 20 

3 Stars

1 - Justin Williams (PHI)
2 - Radim Vrbata (PHI)
3 - Tim Connolly (PHI)

Power Play

Lightning - 1 on 6 Attempt(s) - 16.67%
Flyers - 2 on 11 Attempt(s) - 18.18%

Penalty Kill

Lightning - 9 on 11 Attempt(s) - 81.82% - Score 0 goal in Penalty Kill
Flyers - 5 on 6 Attempt(s) - 83.33% - Score 0 goal in Penalty Kill

Game Notes

Chris Mason enters game at 5:22 of 1st period
Andrej Meszaros ejected from game at 18:06 of 1st period

Finance

Level 1 -- Attendance: 5271 (81.09%) -- Ticket Income $500,745.00
Level 2 -- Attendance: 3660 (73.20%) -- Ticket Income $197,640.00
Level 3 -- Attendance: 2787 (79.63%) -- Ticket Income $97,545.00
Level 4 -- Attendance: 2762 (78.09%) -- Ticket Income $41,430.00
Luxury Box -- Attendance: 829 (82.90%) -- Ticket Income $159,168.00
Game was played at the Wells Fargo Center
Total Attendance: 15309 (78.36%)
Total Ticket Income: $1,080,703.00
Other Income: $192,015.60
Total Income: $1,272,719.00


Play by Play

Period #1

0:01 of 1st period - Tomas Plekanec wins face-off versus Brendan Morrison in neutral zone.
0:01 of 1st period - Patrick Kane is hit by Justin Williams.
0:36 of 1st period - Shot by Justin Williams.
0:36 of 1st period - Goal by Justin Williams - Lightning : 0 - Flyers : 1.
0:37 of 1st period - Paul Stastny wins face-off versus Tim Connolly in neutral zone.
1:08 of 1st period - Icing by Niklas Kronwall.
1:09 of 1st period - Paul Stastny wins face-off versus Niklas Hagman in Lightning zone.
1:16 of 1st period - Shot by Paul Stastny.
1:16 of 1st period - Deflect By Patrick Sharp.
1:16 of 1st period - Stopped by Tomas Vokoun without a rebound.
1:17 of 1st period - R.J. Umberger wins face-off versus Kyle Brodziak in Flyers zone.
1:41 of 1st period - Shot by Kyle Brodziak.
1:41 of 1st period - Shot Misses the Net.
1:45 of 1st period - Shot by Justin Williams.
1:45 of 1st period - Goal by Justin Williams - Lightning : 0 - Flyers : 2.
1:46 of 1st period - John Madden wins face-off versus Tomas Plekanec in neutral zone.
1:46 of 1st period - Minor Penalty to Andy Sutton for Hooking.
1:47 of 1st period - Tim Connolly wins face-off versus Marcel Goc in Lightning zone.
2:09 of 1st period - Shot by Andrei Markov.
2:09 of 1st period - Shot Blocked by Barret Jackman.
2:11 of 1st period - Shot by Andrej Sekera.
2:11 of 1st period - Shot Misses the Net.
2:15 of 1st period - Shot by Radim Vrbata.
2:15 of 1st period - Shot Blocked by Barret Jackman.
2:19 of 1st period - Shot by Andrej Sekera.
2:19 of 1st period - Shot Misses the Net.
2:21 of 1st period - Shot by Andrej Sekera.
2:21 of 1st period - Shot Misses the Net.
2:23 of 1st period - Shot by Andrej Sekera.
2:23 of 1st period - Deflect By Tim Connolly.
2:23 of 1st period - Shot Misses the Net.
2:25 of 1st period - Shot by Tim Connolly.
2:25 of 1st period - Shot Misses the Net.
2:27 of 1st period - Shot by Andrej Sekera.
2:27 of 1st period - Shot Misses the Net.
2:29 of 1st period - Shot by Tim Connolly.
2:29 of 1st period - Deflect By Raffi Torres.
2:29 of 1st period - Stopped by Cory Schneider without a rebound.
2:30 of 1st period - Brendan Morrison wins face-off versus Marcel Goc in Lightning zone.
3:22 of 1st period - Andrej Meszaros is hit by Raffi Torres and loses puck.
3:27 of 1st period - Shot by Andrej Sekera.
3:27 of 1st period - Goal by Andrej Sekera - Lightning : 0 - Flyers : 3.
3:28 of 1st period - Tomas Plekanec wins face-off versus John Madden in neutral zone.
3:35 of 1st period - Shot by Patrick Kane.
3:35 of 1st period - Shot Misses the Net.
3:37 of 1st period - Shot by Ilya Kovalchuk.
3:37 of 1st period - Stopped by Tomas Vokoun without a rebound.
3:38 of 1st period - Tomas Plekanec wins face-off versus John Madden in Flyers zone.
4:42 of 1st period - Shot by Radim Vrbata.
4:42 of 1st period - Stopped by Cory Schneider without a rebound.
4:43 of 1st period - R.J. Umberger wins face-off versus Brendan Morrison in Lightning zone.
4:48 of 1st period - Shot by Tim Gleason.
4:48 of 1st period - Stopped by Tomas Vokoun with a rebound.
5:02 of 1st period - Shot by Justin Williams.
5:02 of 1st period - Deflect By Pascal Dupuis.
5:02 of 1st period - Shot Blocked by Tim Gleason.
5:04 of 1st period - Shot by Chris Pronger.
5:04 of 1st period - Shot Blocked by Barret Jackman.
5:06 of 1st period - Shot by Kevin Bieksa.
5:06 of 1st period - Stopped by Cory Schneider with a rebound.
5:08 of 1st period - Shot by Chris Pronger.
5:08 of 1st period - Shot Blocked by R.J. Umberger.
5:10 of 1st period - Shot by Chris Pronger.
5:10 of 1st period - Stopped by Cory Schneider without a rebound.
5:11 of 1st period - Tim Connolly wins face-off versus Paul Stastny in Lightning zone.
5:20 of 1st period - Shot by Raffi Torres.
5:20 of 1st period - Shot Misses the Net.
5:22 of 1st period - Shot by Radim Vrbata.
5:22 of 1st period - Goal by Radim Vrbata - Lightning : 0 - Flyers : 4.
5:22 of 1st period - Chris Mason enters game.
5:23 of 1st period - Kyle Brodziak wins face-off versus Marcel Goc in neutral zone.
5:25 of 1st period - Off-side.
5:26 of 1st period - John Madden wins face-off versus Scott Hartnell in neutral zone.
6:20 of 1st period - Icing by Barret Jackman.
6:21 of 1st period - Brendan Morrison wins face-off versus R.J. Umberger in Lightning zone.
6:32 of 1st period - Shot by Brendan Morrison.
6:32 of 1st period - Stopped by Chris Mason without a rebound.
6:33 of 1st period - Tomas Plekanec wins face-off versus Tim Connolly in Lightning zone.
6:38 of 1st period - Shot by Patrick Kane.
6:38 of 1st period - Deflect By Tomas Plekanec.
6:38 of 1st period - Stopped by Tomas Vokoun without a rebound.
6:39 of 1st period - Kyle Brodziak wins face-off versus Tomas Plekanec in Flyers zone.
6:52 of 1st period - Shot by Justin Williams.
6:52 of 1st period - Shot Blocked by Brent Seabrook.
7:27 of 1st period - Icing by Brent Seabrook.
7:28 of 1st period - Tim Connolly wins face-off versus Tomas Plekanec in Lightning zone.
7:31 of 1st period - Shot by Radim Vrbata.
7:31 of 1st period - Stopped by Chris Mason with a rebound.
7:35 of 1st period - Shot by Tim Connolly.
7:35 of 1st period - Stopped by Chris Mason without a rebound.
7:36 of 1st period - Paul Stastny wins face-off versus John Madden in Lightning zone.
7:56 of 1st period - Minor Penalty to Andrej Meszaros for Interference.
7:57 of 1st period - R.J. Umberger wins face-off versus Raffi Torres in Lightning zone.
7:57 of 1st period - R.J. Umberger is hit by Radim Vrbata.
8:29 of 1st period - Shot by Tim Connolly.
8:29 of 1st period - Goal by Tim Connolly - Lightning : 0 - Flyers : 5.
8:30 of 1st period - Brendan Morrison wins face-off versus Paul Stastny in neutral zone.
8:51 of 1st period - Shot by Niklas Kronwall.
8:51 of 1st period - Deflect By Maxime Talbot.
8:51 of 1st period - Stopped by Tomas Vokoun with a rebound.
8:53 of 1st period - Shot by Niklas Kronwall.
8:53 of 1st period - Stopped by Tomas Vokoun without a rebound.
8:54 of 1st period - Patrick Kane wins face-off versus John Madden in Flyers zone.
8:55 of 1st period - Shot by Ilya Kovalchuk.
8:55 of 1st period - Shot Misses the Net.
8:58 of 1st period - Icing by Randy Jones.
8:59 of 1st period - John Madden wins face-off versus R.J. Umberger in Flyers zone.
9:06 of 1st period - Shot by Lee Stempniak.
9:06 of 1st period - Shot Misses the Net.
9:10 of 1st period - Shot by Lee Stempniak.
9:10 of 1st period - Shot Misses the Net.
9:16 of 1st period - Shot by John Madden.
9:16 of 1st period - Shot Blocked by Tim Gleason.
9:24 of 1st period - Shot by Lee Stempniak.
9:24 of 1st period - Stopped by Chris Mason without a rebound.
9:25 of 1st period - Tomas Plekanec wins face-off versus Brendan Morrison in Lightning zone.
9:41 of 1st period - Icing by Kevin Bieksa.
9:42 of 1st period - Brendan Morrison wins face-off versus Paul Stastny in Flyers zone.
10:11 of 1st period - Shot by Paul Stastny.
10:11 of 1st period - Shot Misses the Net.
10:13 of 1st period - Shot by Niklas Kronwall.
10:13 of 1st period - Shot Blocked by Kevin Bieksa.
10:30 of 1st period - Icing by Chris Pronger.
10:31 of 1st period - Brendan Morrison wins face-off versus Patrick Kane in Flyers zone.
10:31 of 1st period - Brendan Morrison is hit by Brent Seabrook.
11:26 of 1st period - Kevin Bieksa is hit by R.J. Umberger and loses puck.
12:38 of 1st period - Minor Penalty to Andrej Sekera for Goalie Interference.
12:39 of 1st period - Tim Connolly wins face-off versus Paul Stastny in Flyers zone.
12:50 of 1st period - Shot by Niklas Kronwall.
12:50 of 1st period - Deflect By Patrick Kane.
12:50 of 1st period - Stopped by Tomas Vokoun without a rebound.
12:51 of 1st period - Ilya Kovalchuk wins face-off versus Tim Connolly in Flyers zone.
12:52 of 1st period - Shot by Patrick Kane.
12:52 of 1st period - Shot Misses the Net.
12:54 of 1st period - Shot by Andrej Meszaros.
12:54 of 1st period - Shot Misses the Net.
13:31 of 1st period - Icing by Paul Stastny.
13:32 of 1st period - Paul Stastny wins face-off versus Tim Connolly in Lightning zone.
13:50 of 1st period - Minor Penalty to Rostislav Klesla for Interference.
13:51 of 1st period - R.J. Umberger wins face-off versus John Madden in Flyers zone.
15:02 of 1st period - Minor Penalty to Brent Seabrook for Hooking.
15:03 of 1st period - Radim Vrbata wins face-off versus Scott Hartnell in Lightning zone.
15:12 of 1st period - Shot by Radim Vrbata.
15:12 of 1st period - Stopped by Chris Mason with a rebound.
15:58 of 1st period - Maxime Talbot is hit by Raffi Torres and loses puck.
16:19 of 1st period - Shot by Tim Connolly.
16:19 of 1st period - Stopped by Chris Mason without a rebound.
16:20 of 1st period - R.J. Umberger wins face-off versus Brendan Morrison in Lightning zone.
16:20 of 1st period - R.J. Umberger is hit by Justin Williams.
16:46 of 1st period - Shot by Pascal Dupuis.
16:46 of 1st period - Stopped by Chris Mason without a rebound.
16:47 of 1st period - Tim Connolly wins face-off versus Marcel Goc in Lightning zone.
16:50 of 1st period - Shot by Rostislav Klesla.
16:50 of 1st period - Shot Misses the Net.
16:54 of 1st period - Shot by Tim Connolly.
16:54 of 1st period - Shot Misses the Net.
17:10 of 1st period - Shot by Niklas Hagman.
17:10 of 1st period - Shot Misses the Net.
17:12 of 1st period - Shot by Randy Jones.
17:12 of 1st period - Stopped by Chris Mason without a rebound.
17:13 of 1st period - R.J. Umberger wins face-off versus John Madden in Lightning zone.
17:21 of 1st period - Icing by Rostislav Klesla.
17:22 of 1st period - Tomas Plekanec wins face-off versus John Madden in Flyers zone.
17:34 of 1st period - Minor Penalty to Ilya Kovalchuk for Hooking.
17:35 of 1st period - R.J. Umberger wins face-off versus Tim Connolly in Lightning zone.
17:50 of 1st period - Shot by Tim Connolly.
17:50 of 1st period - Deflect By Radim Vrbata.
17:50 of 1st period - Stopped by Chris Mason with a rebound.
17:52 of 1st period - Shot by Tim Connolly.
17:52 of 1st period - Shot Misses the Net.
17:54 of 1st period - Shot by Raffi Torres.
17:54 of 1st period - Stopped by Chris Mason without a rebound.
17:55 of 1st period - R.J. Umberger wins face-off versus Brendan Morrison in Lightning zone.
17:55 of 1st period - R.J. Umberger is hit by Justin Williams.
18:06 of 1st period - Major / Game Misconduct Penalty to Andrej Meszaros for Spearing.
18:06 of 1st period - Andrej Meszaros is ejected from game.
18:07 of 1st period - Marcel Goc wins face-off versus Brendan Morrison in Lightning zone.
18:07 of 1st period - Marcel Goc is hit by Pascal Dupuis.
18:54 of 1st period - Shot by Andrej Sekera.
18:54 of 1st period - Shot Blocked by Tim Gleason.
19:10 of 1st period - Minor Penalty to Andrej Sekera for Boarding.
19:11 of 1st period - Marcel Goc wins face-off versus Justin Williams in Flyers zone.

Period #2

0:01 of 2nd period - Justin Williams wins face-off versus Paul Stastny in neutral zone.
0:19 of 2nd period - Icing by Chris Pronger.
0:20 of 2nd period - Justin Williams wins face-off versus Scott Hartnell in Flyers zone.
0:31 of 2nd period - Shot by Brendan Morrison.
0:31 of 2nd period - Stopped by Chris Mason with a rebound.
0:33 of 2nd period - Shot by Justin Williams.
0:33 of 2nd period - Shot Misses the Net.
0:37 of 2nd period - Shot by Kevin Bieksa.
0:37 of 2nd period - Shot Blocked by Brent Seabrook.
1:35 of 2nd period - Shot by Andrei Markov.
1:35 of 2nd period - Shot Misses the Net.
1:37 of 2nd period - Shot by Raffi Torres.
1:37 of 2nd period - Stopped by Chris Mason with a rebound.
1:39 of 2nd period - Shot by Andrej Sekera.
1:39 of 2nd period - Shot Blocked by Andy Sutton.
1:41 of 2nd period - Shot by Raffi Torres.
1:41 of 2nd period - Shot Blocked by Niklas Kronwall.
1:49 of 2nd period - Shot by Tim Connolly.
1:49 of 2nd period - Stopped by Chris Mason with a rebound.
1:51 of 2nd period - Shot by Raffi Torres.
1:51 of 2nd period - Stopped by Chris Mason without a rebound.
1:52 of 2nd period - Brendan Morrison wins face-off versus R.J. Umberger in Lightning zone.
3:11 of 2nd period - Lee Stempniak is hit by Brent Seabrook.
3:25 of 2nd period - Shot by Lee Stempniak.
3:25 of 2nd period - Shot Misses the Net.
3:27 of 2nd period - Shot by Niklas Hagman.
3:27 of 2nd period - Shot Blocked by Brent Seabrook.
3:31 of 2nd period - Shot by John Madden.
3:31 of 2nd period - Shot Misses the Net.
3:35 of 2nd period - Shot by John Madden.
3:35 of 2nd period - Stopped by Chris Mason with a rebound.
3:37 of 2nd period - Shot by Niklas Hagman.
3:37 of 2nd period - Stopped by Chris Mason without a rebound.
3:38 of 2nd period - Paul Stastny wins face-off versus Kyle Brodziak in Lightning zone.
3:45 of 2nd period - Icing by Ladislav Smid.
3:46 of 2nd period - Kyle Brodziak wins face-off versus R.J. Umberger in Flyers zone.
3:59 of 2nd period - Shot by Kyle Brodziak.
3:59 of 2nd period - Stopped by Chris Mason with a rebound.
4:12 of 2nd period - Icing by Chris Pronger.
4:13 of 2nd period - Marcel Goc wins face-off versus Kyle Brodziak in Flyers zone.
4:35 of 2nd period - Justin Williams is hit by Scott Hartnell and loses puck.
4:45 of 2nd period - Icing by Kyle Brodziak.
4:46 of 2nd period - Tomas Plekanec wins face-off versus Kyle Brodziak in Flyers zone.
4:51 of 2nd period - Shot by Ilya Kovalchuk.
4:51 of 2nd period - Stopped by Tomas Vokoun with a rebound.
5:03 of 2nd period - Shot by Tomas Plekanec.
5:03 of 2nd period - Shot Blocked by Chris Pronger.
5:23 of 2nd period - Shot by Radim Vrbata.
5:23 of 2nd period - Shot Misses the Net.
5:25 of 2nd period - Shot by Andrej Sekera.
5:25 of 2nd period - Stopped by Chris Mason without a rebound.
5:26 of 2nd period - John Madden wins face-off versus R.J. Umberger in Lightning zone.
5:26 of 2nd period - Randy Jones is hit by Tim Gleason and loses puck.
6:34 of 2nd period - Minor Penalty to Raffi Torres for High sticking.
6:35 of 2nd period - Tim Connolly wins face-off versus Paul Stastny in Flyers zone.
6:50 of 2nd period - Shot by Patrick Kane.
6:50 of 2nd period - Stopped by Tomas Vokoun without a rebound.
6:51 of 2nd period - Tim Connolly wins face-off versus R.J. Umberger in Flyers zone.
8:30 of 2nd period - Minor Penalty to Tim Gleason for Tripping.
8:31 of 2nd period - Scott Hartnell wins face-off versus Radim Vrbata in Lightning zone.
9:16 of 2nd period - Shot by Justin Williams.
9:16 of 2nd period - Shot Misses the Net.
9:18 of 2nd period - Shot by Justin Williams.
9:18 of 2nd period - Shot Misses the Net.
9:20 of 2nd period - Shot by Pascal Dupuis.
9:20 of 2nd period - Stopped by Chris Mason without a rebound.
9:21 of 2nd period - Marcel Goc wins face-off versus Brendan Morrison in Lightning zone.
9:48 of 2nd period - Shot by Kevin Bieksa.
9:48 of 2nd period - Stopped by Chris Mason without a rebound.
9:49 of 2nd period - Marcel Goc wins face-off versus John Madden in Lightning zone.
11:06 of 2nd period - Icing by John Madden.
11:07 of 2nd period - John Madden wins face-off versus R.J. Umberger in Flyers zone.
11:42 of 2nd period - Shot by Martin Havlat.
11:42 of 2nd period - Shot Misses the Net.
11:44 of 2nd period - Shot by Martin Havlat.
11:44 of 2nd period - Stopped by Tomas Vokoun without a rebound.
11:45 of 2nd period - Tim Connolly wins face-off versus Paul Stastny in Flyers zone.
11:58 of 2nd period - Brent Seabrook is hit by Raffi Torres and loses puck.
12:18 of 2nd period - Icing by Patrick Sharp.
12:19 of 2nd period - Brendan Morrison wins face-off versus Paul Stastny in Lightning zone.
12:30 of 2nd period - Shot by Kevin Bieksa.
12:30 of 2nd period - Stopped by Chris Mason with a rebound.
12:34 of 2nd period - Shot by Justin Williams.
12:34 of 2nd period - Shot Misses the Net.
12:42 of 2nd period - Brendan Morrison is hit by Maxime Talbot and loses puck.
12:49 of 2nd period - Brent Seabrook is hit by Pascal Dupuis and loses puck.
13:00 of 2nd period - Patrick Sharp is hit by Pascal Dupuis and loses puck.
14:38 of 2nd period - Shot by Niklas Hagman.
14:38 of 2nd period - Shot Blocked by Scott Hartnell.
14:57 of 2nd period - Minor Penalty to Ladislav Smid for Slashing.
14:58 of 2nd period - Justin Williams wins face-off versus Patrick Sharp in Flyers zone.
15:57 of 2nd period - Icing by Ilya Kovalchuk.
15:58 of 2nd period - Tim Connolly wins face-off versus Paul Stastny in Lightning zone.
16:10 of 2nd period - Off-side.
16:11 of 2nd period - Ilya Kovalchuk wins face-off versus Justin Williams in neutral zone.
17:05 of 2nd period - Shot by Tomas Plekanec.
17:05 of 2nd period - Stopped by Tomas Vokoun without a rebound.
17:06 of 2nd period - Kyle Brodziak wins face-off versus Marcel Goc in Flyers zone.
17:06 of 2nd period - Kyle Brodziak is hit by Patrick Sharp.
19:00 of 2nd period - Andrei Markov is hit by Nick Spaling and loses puck.
19:07 of 2nd period - Shot by Martin Havlat.
19:07 of 2nd period - Stopped by Tomas Vokoun without a rebound.
19:08 of 2nd period - Brendan Morrison wins face-off versus Tomas Plekanec in Flyers zone.

Period #3

0:01 of 3rd period - Brendan Morrison wins face-off versus Tomas Plekanec in neutral zone.
0:16 of 3rd period - Shot by Patrick Kane.
0:16 of 3rd period - Shot Misses the Net.
0:18 of 3rd period - Shot by Tomas Plekanec.
0:18 of 3rd period - Shot Misses the Net.
0:20 of 3rd period - Shot by Tomas Plekanec.
0:20 of 3rd period - Stopped by Tomas Vokoun without a rebound.
0:21 of 3rd period - Tim Connolly wins face-off versus Paul Stastny in Flyers zone.
0:46 of 3rd period - Icing by Niklas Kronwall.
0:47 of 3rd period - Paul Stastny wins face-off versus John Madden in Lightning zone.
0:58 of 3rd period - Shot by Rostislav Klesla.
0:58 of 3rd period - Shot Misses the Net.
1:00 of 3rd period - Shot by John Madden.
1:00 of 3rd period - Shot Blocked by Niklas Kronwall.
1:24 of 3rd period - Shot by R.J. Umberger.
1:24 of 3rd period - Stopped by Tomas Vokoun with a rebound.
1:29 of 3rd period - Icing by Rostislav Klesla.
1:30 of 3rd period - John Madden wins face-off versus Tomas Plekanec in Flyers zone.
1:53 of 3rd period - Andy Sutton is hit by Pascal Dupuis and loses puck.
1:55 of 3rd period - Minor Penalty to Andy Sutton for Interference.
1:56 of 3rd period - R.J. Umberger wins face-off versus Tim Connolly in Lightning zone.
2:28 of 3rd period - Minor Penalty to Brent Seabrook for Interference.
2:29 of 3rd period - Marcel Goc wins face-off versus Brendan Morrison in Lightning zone.
2:54 of 3rd period - Shot by Chris Pronger.
2:54 of 3rd period - Shot Blocked by Paul Stastny.
2:56 of 3rd period - Shot by Chris Pronger.
2:56 of 3rd period - Stopped by Chris Mason with a rebound.
2:58 of 3rd period - Shot by Kevin Bieksa.
2:58 of 3rd period - Stopped by Chris Mason without a rebound.
2:59 of 3rd period - R.J. Umberger wins face-off versus Tim Connolly in Lightning zone.
3:12 of 3rd period - Shot by Tim Connolly.
3:12 of 3rd period - Shot Blocked by Tim Gleason.
3:16 of 3rd period - Shot by Radim Vrbata.
3:16 of 3rd period - Stopped by Chris Mason without a rebound.
3:17 of 3rd period - Marcel Goc wins face-off versus Brendan Morrison in Lightning zone.
3:17 of 3rd period - Barret Jackman is hit by Pascal Dupuis.
3:26 of 3rd period - Icing by Kevin Bieksa.
3:27 of 3rd period - Pascal Dupuis wins face-off versus R.J. Umberger in Flyers zone.
4:31 of 3rd period - Niklas Hagman is hit by Andy Sutton and loses puck.
5:22 of 3rd period - Minor Penalty to Andy Sutton for High sticking.
5:23 of 3rd period - R.J. Umberger wins face-off versus Tim Connolly in Lightning zone.
5:59 of 3rd period - Shot by Andrej Sekera.
5:59 of 3rd period - Shot Blocked by Scott Hartnell.
6:50 of 3rd period - Minor Penalty to Pascal Dupuis for Interference.
6:51 of 3rd period - Tim Connolly wins face-off versus Scott Hartnell in Flyers zone.
7:08 of 3rd period - Shot by Andrej Sekera.
7:08 of 3rd period - Stopped by Chris Mason with a rebound.
7:10 of 3rd period - Shot by Andrej Sekera.
7:10 of 3rd period - Shot Misses the Net.
7:12 of 3rd period - Shot by Radim Vrbata.
7:12 of 3rd period - Shot Blocked by Niklas Kronwall.
7:14 of 3rd period - Shot by Tim Connolly.
7:14 of 3rd period - Shot Misses the Net.
7:16 of 3rd period - Shot by Radim Vrbata.
7:16 of 3rd period - Shot Misses the Net.
7:18 of 3rd period - Shot by Radim Vrbata.
7:18 of 3rd period - Stopped by Chris Mason without a rebound.
7:19 of 3rd period - Paul Stastny wins face-off versus Justin Williams in Lightning zone.
8:11 of 3rd period - Shot by Ilya Kovalchuk.
8:11 of 3rd period - Stopped by Tomas Vokoun without a rebound.
8:12 of 3rd period - Tim Connolly wins face-off versus Paul Stastny in Flyers zone.
8:17 of 3rd period - Shot by Paul Stastny.
8:17 of 3rd period - Stopped by Tomas Vokoun without a rebound.
8:18 of 3rd period - Ilya Kovalchuk wins face-off versus Justin Williams in Flyers zone.
8:21 of 3rd period - Shot by Paul Stastny.
8:21 of 3rd period - Shot Misses the Net.
8:27 of 3rd period - Shot by Paul Stastny.
8:27 of 3rd period - Goal by Paul Stastny - Lightning : 1 - Flyers : 5.
8:28 of 3rd period - John Madden wins face-off versus Paul Stastny in neutral zone.
8:57 of 3rd period - Shot by John Madden.
8:57 of 3rd period - Stopped by Chris Mason with a rebound.
9:07 of 3rd period - Rostislav Klesla is hit by Paul Stastny and loses puck.
9:40 of 3rd period - Radim Vrbata is hit by Martin Havlat and loses puck.
10:41 of 3rd period - Patrick Sharp is hit by Pascal Dupuis.
10:51 of 3rd period - Shot by Justin Williams.
10:51 of 3rd period - Deflect By Pascal Dupuis.
10:51 of 3rd period - Stopped by Chris Mason without a rebound.
10:52 of 3rd period - Marcel Goc wins face-off versus Kyle Brodziak in Lightning zone.
10:57 of 3rd period - Shot by Niklas Kronwall.
10:57 of 3rd period - Stopped by Tomas Vokoun without a rebound.
10:58 of 3rd period - R.J. Umberger wins face-off versus Kyle Brodziak in Flyers zone.
11:39 of 3rd period - Icing by Scott Hartnell.
11:40 of 3rd period - Patrick Sharp wins face-off versus John Madden in Lightning zone.
11:49 of 3rd period - Shot by Scott Hartnell.
11:49 of 3rd period - Deflect By Marcel Goc.
11:49 of 3rd period - Shot Misses the Net.
11:51 of 3rd period - Shot by Marcel Goc.
11:51 of 3rd period - Stopped by Tomas Vokoun without a rebound.
11:52 of 3rd period - Tomas Plekanec wins face-off versus Tim Connolly in Flyers zone.
12:05 of 3rd period - Shot by Patrick Kane.
12:05 of 3rd period - Goal by Patrick Kane - Lightning : 2 - Flyers : 5.
12:06 of 3rd period - Patrick Sharp wins face-off versus John Madden in neutral zone.
12:26 of 3rd period - Niklas Kronwall is hit by Randy Jones and loses puck.
12:51 of 3rd period - Shot by Martin Havlat.
12:51 of 3rd period - Stopped by Tomas Vokoun without a rebound.
12:52 of 3rd period - Tim Connolly wins face-off versus Tomas Plekanec in Flyers zone.
12:57 of 3rd period - Shot by Raffi Torres.
12:57 of 3rd period - Shot Misses the Net.
12:59 of 3rd period - Shot by Andrej Sekera.
12:59 of 3rd period - Shot Misses the Net.
13:04 of 3rd period - Shot by Tim Connolly.
13:04 of 3rd period - Shot Misses the Net.
13:08 of 3rd period - Shot by Radim Vrbata.
13:08 of 3rd period - Stopped by Chris Mason with a rebound.
13:10 of 3rd period - Shot by Raffi Torres.
13:10 of 3rd period - Goal by Raffi Torres - Lightning : 2 - Flyers : 6.
13:11 of 3rd period - R.J. Umberger wins face-off versus Pascal Dupuis in neutral zone.
13:13 of 3rd period - Martin Havlat is hit by Kevin Bieksa.
13:25 of 3rd period - Shot by Justin Williams.
13:25 of 3rd period - Shot Hit the Post.
13:27 of 3rd period - Shot by Chris Pronger.
13:27 of 3rd period - Stopped by Chris Mason with a rebound.
13:31 of 3rd period - Shot by Justin Williams.
13:31 of 3rd period - Shot Misses the Net.
13:33 of 3rd period - Shot by Pascal Dupuis.
13:33 of 3rd period - Stopped by Chris Mason without a rebound.
13:34 of 3rd period - Tim Connolly wins face-off versus Marcel Goc in Lightning zone.
13:34 of 3rd period - Tim Connolly is hit by Brent Seabrook.
13:47 of 3rd period - Tim Connolly is hit by Niklas Kronwall and loses puck.
13:55 of 3rd period - Radim Vrbata is hit by Brent Seabrook and loses puck.
13:57 of 3rd period - Minor Penalty to Brent Seabrook for Slashing.
13:58 of 3rd period - R.J. Umberger wins face-off versus Brendan Morrison in Lightning zone.
14:16 of 3rd period - Off-side.
14:17 of 3rd period - Tim Connolly wins face-off versus R.J. Umberger in neutral zone.
14:36 of 3rd period - Shot by Tim Connolly.
14:36 of 3rd period - Shot Misses the Net.
14:38 of 3rd period - Shot by Radim Vrbata.
14:38 of 3rd period - Stopped by Chris Mason without a rebound.
14:39 of 3rd period - Marcel Goc wins face-off versus Justin Williams in Lightning zone.
14:50 of 3rd period - Andy Sutton is hit by Pascal Dupuis and loses puck.
15:45 of 3rd period - Shot by Radim Vrbata.
15:45 of 3rd period - Deflect By Raffi Torres.
15:45 of 3rd period - Stopped by Chris Mason without a rebound.
15:46 of 3rd period - R.J. Umberger wins face-off versus Tim Connolly in Lightning zone.
15:52 of 3rd period - Icing by Andrej Sekera.
15:53 of 3rd period - Tim Connolly wins face-off versus R.J. Umberger in Flyers zone.
16:01 of 3rd period - Lee Stempniak is hit by Andy Sutton and loses puck.
16:09 of 3rd period - Icing by Randy Jones.
16:10 of 3rd period - John Madden wins face-off versus Maxime Talbot in Flyers zone.
16:10 of 3rd period - John Madden is hit by Maxime Talbot.
16:33 of 3rd period - Shot by Niklas Kronwall.
16:33 of 3rd period - Shot Misses the Net.
16:35 of 3rd period - Shot by Niklas Kronwall.
16:35 of 3rd period - Shot Misses the Net.
16:37 of 3rd period - Shot by Patrick Sharp.
16:37 of 3rd period - Deflect By Paul Stastny.
16:37 of 3rd period - Shot Blocked by John Madden.
16:39 of 3rd period - Shot by Brent Seabrook.
16:39 of 3rd period - Deflect By Paul Stastny.
16:39 of 3rd period - Stopped by Tomas Vokoun without a rebound.
16:40 of 3rd period - R.J. Umberger wins face-off versus Tim Connolly in Flyers zone.
16:40 of 3rd period - Martin Havlat is hit by Andrei Markov and loses puck.
16:50 of 3rd period - Shot by R.J. Umberger.
16:50 of 3rd period - Shot Blocked by Andrei Markov.
16:59 of 3rd period - R.J. Umberger is hit by Andrei Markov and loses puck.
17:43 of 3rd period - Icing by Kevin Bieksa.
17:44 of 3rd period - Brendan Morrison wins face-off versus Scott Hartnell in Flyers zone.
17:44 of 3rd period - Brendan Morrison is hit by Scott Hartnell.
17:47 of 3rd period - Minor Penalty to Scott Hartnell for High sticking.
17:48 of 3rd period - Brendan Morrison wins face-off versus Marcel Goc in Lightning zone.
18:25 of 3rd period - Shot by Brendan Morrison.
18:25 of 3rd period - Shot Misses the Net.
18:27 of 3rd period - Shot by Kevin Bieksa.
18:27 of 3rd period - Stopped by Chris Mason without a rebound.
18:28 of 3rd period - Raffi Torres wins face-off versus Patrick Sharp in Lightning zone.
18:29 of 3rd period - Shot by Andrei Markov.
18:29 of 3rd period - Shot Misses the Net.
18:43 of 3rd period - Shot by Tim Connolly.
18:43 of 3rd period - Shot Misses the Net.
18:45 of 3rd period - Shot by Radim Vrbata.
18:45 of 3rd period - Stopped by Chris Mason with a rebound.
18:47 of 3rd period - Shot by Tim Connolly.
18:47 of 3rd period - Shot Blocked by Marcel Goc.
18:49 of 3rd period - Shot by Tim Connolly.
18:49 of 3rd period - Shot Misses the Net.
18:51 of 3rd period - Shot by Radim Vrbata.
18:51 of 3rd period - Shot Misses the Net.
18:53 of 3rd period - Shot by Andrei Markov.
18:53 of 3rd period - Shot Misses the Net.
18:55 of 3rd period - Shot by Raffi Torres.
18:55 of 3rd period - Shot Hit the Post.
18:57 of 3rd period - Shot by Tim Connolly.
18:57 of 3rd period - Shot Misses the Net.
19:30 of 3rd period - Shot by Chris Pronger.
19:30 of 3rd period - Stopped by Chris Mason without a rebound.
19:31 of 3rd period - Tim Connolly wins face-off versus R.J. Umberger in Lightning zone.
19:32 of 3rd period - Shot by Andrei Markov.
19:32 of 3rd period - Stopped by Chris Mason without a rebound.
19:33 of 3rd period - R.J. Umberger wins face-off versus Tim Connolly in Lightning zone.
19:39 of 3rd period - Icing by Radim Vrbata.
19:40 of 3rd period - R.J. Umberger wins face-off versus Radim Vrbata in Flyers zone.


Output by the SimonT Hockey Simulator (STHS) for Stephane Roy -- Original Page W3C XHTML 1.0 Valid